[Event "Titled Tuesday Blitz July 13 2021"]
[White "Plotnikov, Pavel"]
[Black "Tsaruk, Maksim"]
[WhiteFideId "4170342"]
[BlackFideId "13511173"]
[WhiteElo "2298"]
[BlackElo "2184"]
[Result "0-1"]
[Round "03"]
[TimeControl "180+1"]
[Date "2021.07.13"]
[WhiteClock "0:00:02"]
[BlackClock "0:00:26"]

1. e4 c6 2. d4 d5 3. exd5 cxd5 4. Bd3 Nf6 5. c3 g6 6. Bf4 Bg7 7. Nf3 Nc6 8. O-O O-O 9. Ne5 Bf5 10. Qc2 Qc8 11. Nd2 Nxd4 12. cxd4 Qxc2 13. Bxc2 Bxc2 14. Rac1 Rfc8 15. Rfe1 Bf5 16. h3 Ne4 17. Nxe4 Bxe4 18. f3 Bf5 19. g4 Be6 20. Kf2 Rxc1 21. Rxc1 Rc8 22. Rxc8+ Bxc8 23. Ke3 f6 24. Nd3 Kf7 25. Bb8 a6 26. a4 h5 27. Nf4 e5 28. Nxd5 exd4+ 29. Kxd4 f5+ 30. Be5 fxg4 31. fxg4 hxg4 32. hxg4 Bxg4 33. Bxg7 Kxg7 34. Ke5 g5 35. a5 Kg6 36. Ne7+ Kh5 37. Nd5 Kh4 38. Ne3 Bd7 39. b4 Kh3 40. Kd6 Bc6 41. Kc5 Kg3 42. Kd4 Kf4 43. Kd3 Bf3 44. Kd4 Be4 45. Nf1 g4 46. Kc5 Bd3 47. Nd2 g3 0-1


[Site "https://www.chess.com"]

[Event "Titled Tuesday Blitz July 13 2021"]
[White "Popilski, Gil"]
[Black "Quparadze, Giga"]
[WhiteFideId "2809060"]
[BlackFideId "13602250"]
[WhiteElo "2537"]
[BlackElo "2658"]
[Result "1/2-1/2"]
[Round "03"]
[TimeControl "180+1"]
[Date "2021.07.13"]
[WhiteClock "0:00:08"]
[BlackClock "0:01:27"]

1. e4 c5 2. Nf3 e6 3. d4 cxd4 4. Nxd4 a6 5. Bd3 g6 6. O-O Bg7 7. Nf3 Nc6 8. c4 Nge7 9. Nc3 O-O 10. Qe2 d5 11. cxd5 exd5 12. Bg5 d4 13. Nd5 h6 14. Bf6 Be6 15. Bxg7 Kxg7 16. Nf4 Bg4 17. h3 Bxf3 18. Qxf3 Ne5 19. Qg3 N7c6 20. Rad1 Qg5 21. Kh2 Rad8 22. Nd5 Qxg3+ 23. Kxg3 f5 24. Bb1 d3 25. Nf4 fxe4 26. Ne6+ Kf6 27. Nxf8 Rxf8 28. Rfe1 Kf5 29. f3 exf3 30. Bxd3+ Kg5 31. h4+ Kh5 32. Be4 fxg2 33. Bxg2 g5 34. hxg5 Kxg5 35. Rd5 Rf5 36. Be4 Rf4 37. Rc5 Rg4+ 38. Kf2 Kf6 39. Bxc6 Nxc6 40. Rh5 Rg6 41. Reh1 Kg7 42. Rg1 Nb4 43. Rxg6+ Kxg6 44. Rh4 Nxa2 45. Rc4 Kf6 46. Ke3 Ke6 47. Kd4 Kd6 48. b3 b5 49. Rc2 Nb4 50. Rh2 Nc6+ 51. Kc3 a5 52. Rxh6+ Kc5 53. Rh5+ Kb6 54. Kb2 Nb4 55. Rh6+ Kc5 56. Rh5+ Nd5 57. Kc2 Kc6 58. Rh6+ Kc5 59. Rh5 Kd4 60. Rh4+ Kc5 61. Rh5 1/2-1/2


[Site "https://www.chess.com"]

[Event "Titled Tuesday Blitz July 13 2021"]
[White "Pridorozhni, Aleksei"]
[Black "Iskusnyh, Sergei"]
[WhiteFideId "4127870"]
[BlackFideId "4120027"]
[WhiteElo "2565"]
[BlackElo "2492"]
[Result "1-0"]
[Round "03"]
[TimeControl "180+1"]
[Date "2021.07.13"]
[WhiteClock "0:01:23"]
[BlackClock "0:00:03"]

1. e4 e6 2. b3 d5 3. Bb2 a6 4. Nc3 Nf6 5. Qe2 Be7 6. g3 b5 7. Bg2 Bb7 8. e5 Nfd7 9. f4 c5 10. Nf3 Nc6 11. O-O O-O 12. Nd1 c4 13. d4 cxd3 14. cxd3 b4 15. d4 a5 16. Qd2 Ba6 17. Rf2 a4 18. Rb1 axb3 19. axb3 f5 20. Ne3 Nb6 21. h4 Na7 22. h5 Nb5 23. g4 fxg4 24. Nxg4 Rc8 25. Ra1 Bb7 26. Ne3 Nc3 27. Bh3 Rc6 28. Rg2 Ne4 29. Qd3 Rxf4 30. Rf1 Nd7 31. Nh2 Ba6 32. Qxa6 Rxa6 33. Rxf4 Bg5 34. Rf3 Ra2 35. Bxe6+ Kh8 36. Bxd5 Bxe3+ 37. Rxe3 Ng5 38. e6 Nf6 39. e7 Qc8 40. Bc4 h6 41. d5 Qc5 42. Nf1 Ne8 43. Bxg7+ Kxg7 44. Rxa2 1-0


[Site "https://www.chess.com"]

[Event "Titled Tuesday Blitz July 13 2021"]
[White "Pruijssers, Roeland"]
[Black "Tronenkovs, Valdis"]
[WhiteFideId "1013068"]
[BlackFideId "11601558"]
[WhiteElo "2545"]
[BlackElo "2232"]
[Result "1-0"]
[Round "03"]
[TimeControl "180+1"]
[Date "2021.07.13"]
[WhiteClock "0:00:36"]
[BlackClock "0:00:06"]

1. e4 c5 2. Nf3 Nc6 3. Bb5 e6 4. O-O Nge7 5. Re1 a6 6. Bf1 d5 7. exd5 Nxd5 8. d3 Be7 9. Nbd2 b6 10. Ne4 Bb7 11. Nfg5 O-O 12. Qh5 h6 13. Nf3 Ncb4 14. Re2 Nf6 15. Nxf6+ Bxf6 16. a3 Qd5 17. Qg4 Nc6 18. Bxh6 Bxb2 19. c4 Qf5 20. Qxf5 exf5 21. Rxb2 gxh6 22. Rxb6 Na5 23. Rxh6 Bxf3 24. gxf3 Kg7 25. Rb6 Rfe8 26. f4 Re6 27. Rab1 Kf6 28. Bg2 Rg8 29. Kf1 Rd8 30. Bd5 Red6 31. Ke2 Ke7 32. Kd2 Kd7 33. Rxd6+ Kxd6 34. Rb6+ Ke7 35. Kc3 Rxd5 36. cxd5 1-0


[Site "https://www.chess.com"]

[Event "Titled Tuesday Blitz July 13 2021"]
[White "Rodriguez, Santiago"]
[Black "Woodward, Andy"]
[WhiteFideId "3000591"]
[BlackFideId "30953499"]
[WhiteElo "2256"]
[BlackElo "2137"]
[Result "1/2-1/2"]
[Round "03"]
[TimeControl "180+1"]
[Date "2021.07.13"]
[WhiteClock "0:00:05"]
[BlackClock "0:00:18"]

1. d4 d5 2. Bf4 c5 3. e3 Nc6 4. c3 Nf6 5. Nd2 Bf5 6. Qb3 Na5 7. Bb5+ Bd7 8. Qa4 Nc6 9. dxc5 e5 10. Bg3 Bxc5 11. Ngf3 e4 12. Nd4 Bxd4 13. cxd4 O-O 14. O-O a6 15. Bxc6 Bxc6 16. Qa3 Bb5 17. Rfc1 Rc8 18. Nb3 b6 19. Rxc8 Qxc8 20. Rc1 Qg4 21. Qb4 Rc8 22. Rxc8+ Qxc8 23. h3 Nh5 24. a4 Nxg3 25. axb5 Ne2+ 26. Kf1 Nc1 27. Qc3 Qe8 28. Nxc1 Qxb5+ 29. Kg1 g6 30. Nb3 Kg7 31. Nd2 Qe2 32. Nf1 a5 33. Qb3 b5 34. Qa3 a4 35. Qb4 Qc4 36. Qxc4 dxc4 37. Nd2 Kf8 38. Kf1 Ke7 39. Ke1 f5 40. Kd1 Kd6 41. Kc2 Kd5 42. Kc3 f4 43. Kb4 g5 44. Kxb5 a3 45. bxa3 c3 46. Nb3 h5 47. a4 g4 48. hxg4 hxg4 49. exf4 g3 50. fxg3 e3 51. Nc1 Kxd4 52. a5 c2 53. a6 e2 54. Nxe2+ Ke3 55. Nc1 Kd2 56. a7 Kxc1 57. a8=Q Kb2 58. Qc6 Ka1 59. Qxc2 1/2-1/2


[Site "https://www.chess.com"]

[Event "Titled Tuesday Blitz July 13 2021"]
[White "Rostovtsev, Dmitry"]
[Black "Gerasimenyuk, Mikhail"]
[WhiteFideId "34278320"]
[BlackFideId "14111845"]
[WhiteElo "2114"]
[BlackElo "2254"]
[Result "1-0"]
[Round "03"]
[TimeControl "180+1"]
[Date "2021.07.13"]
[WhiteClock "0:01:54"]
[BlackClock "0:02:33"]

1. e4 c6 2. d4 d5 3. e5 c5 4. dxc5 Nc6 5. Nf3 Bg4 6. c3 a5 7. Bb5 e6 8. Be3 Ne7 9. Nbd2 Ng6 10. Qa4 Bxf3 11. Bxc6+ bxc6 12. Qxc6+ Ke7 13. Nxf3 Rc8 14. Qd6+ Ke8 15. Qxd8+ Kxd8 16. b4 f6 17. Bd4 Be7 18. Kd2 Kd7 19. a3 Kc6 20. Rhb1 Kb5 21. a4+ Kc4 22. Ke3 1-0


[Site "https://www.chess.com"]

[Event "Titled Tuesday Blitz July 13 2021"]
[White "Rustemov, Alexander"]
[Black "Siniauski, Artsiom"]
[WhiteFideId "4119002"]
[BlackFideId "13512269"]
[WhiteElo "2763"]
[BlackElo "2210"]
[Result "1-0"]
[Round "03"]
[TimeControl "180+1"]
[Date "2021.07.13"]
[WhiteClock "0:00:18"]
[BlackClock "0:00:05"]

1. d4 Nf6 2. c4 e6 3. Nf3 b6 4. a3 Bb7 5. Nc3 d5 6. Bg5 Be7 7. Bxf6 Bxf6 8. cxd5 exd5 9. Qa4+ Qd7 10. Qxd7+ Nxd7 11. e3 O-O 12. Rc1 c5 13. Kd2 Rfc8 14. g3 Nf8 15. Bh3 Ne6 16. Ne2 Rc7 17. Nf4 Nxf4 18. gxf4 Bc8 19. Bxc8 Raxc8 20. Kd3 cxd4 21. Rxc7 Rxc7 22. Nxd4 Bxd4 23. exd4 f6 24. f5 Kf7 25. Rg1 Rc8 26. h4 g6 27. fxg6+ hxg6 28. Re1 a5 29. b3 b5 30. Kd2 b4 31. axb4 axb4 32. Re3 Rh8 33. Rh3 g5 34. h5 g4 35. Rh1 f5 36. Ke3 Kf6 37. Kf4 Rh6 38. Rh2 Rh8 39. h6 Rh7 40. Rh1 Kg6 41. Ke5 Re7+ 42. Kxd5 Kh7 43. Rh5 f4 44. Rg5 Re2 45. Rxg4 Rxf2 46. Kc4 Kxh6 47. Kxb4 Kh5 48. Rg8 Rd2 49. Kc3 Rd1 50. b4 f3 51. Rf8 Kg4 52. b5 Kg3 53. Kc4 f2 54. b6 Rc1+ 55. Kb5 Rc3 56. Rxf2 Kxf2 57. b7 Ke3 58. d5 Ke4 59. d6 Rh3 60. Kc6 Rh8 61. d7 Ke5 62. Kc7 Ke6 63. d8=Q 1-0


[Site "https://www.chess.com"]

[Event "Titled Tuesday Blitz July 13 2021"]
[White "Salik, Serkan"]
[Black "Holt, Conrad"]
[WhiteFideId "30952492"]
[BlackFideId "2034387"]
[WhiteElo "2433"]
[BlackElo "2586"]
[Result "1/2-1/2"]
[Round "03"]
[TimeControl "180+1"]
[Date "2021.07.13"]
[WhiteClock "0:00:10"]
[BlackClock "0:00:05"]

1. d4 d5 2. c4 c6 3. Nc3 dxc4 4. e4 b5 5. a4 b4 6. Nb1 Ba6 7. Nf3 e6 8. Qc2 Nf6 9. Nbd2 c3 10. bxc3 Bxf1 11. Nxf1 a5 12. c4 e5 13. dxe5 Nfd7 14. Bb2 Nc5 15. Rd1 Nbd7 16. Ng3 b3 17. Qe2 Nxa4 18. O-O Nxb2 19. Qxb2 Qb6 20. e6 fxe6 21. Ng5 c5 22. Qd2 O-O-O 23. Nf7 Be7 24. Nxh8 Nf6 25. Qc3 Rxd1 26. Rxd1 a4 27. Ra1 a3 28. Rxa3 b2 29. Rb3 b1=Q+ 30. Rxb1 Qxb1+ 31. Nf1 Qxe4 32. Nf7 Qd4 33. Qb3 Ng4 34. Qf3 Bf6 35. h3 Ne5 36. Nxe5 Qxe5 37. Ne3 Kd7 38. g3 Ke8 39. Kg2 Kf7 40. Qb7+ Kg6 41. Qf3 h6 42. Ng4 Qd4 43. Ne3 Kf7 44. h4 Kg8 45. Qa8+ Kh7 46. Qc6 Qe5 47. Qf3 Be7 48. Ng4 Qf5 49. Ne3 Qd3 50. Qg4 Qd6 51. Qe4+ Kg8 52. h5 Bg5 53. Ng4 Kf7 54. Qg6+ Kf8 55. Qe4 Kf7 56. f4 Bf6 57. Qg6+ Ke7 58. Nxf6 Qd2+ 59. Kh3 gxf6 60. Qg7+ Kd6 61. Qxf6 Qd3 62. Qe5+ Kd7 63. Qxc5 Qf1+ 64. Kh2 Qe2+ 65. Kg1 Qe1+ 66. Kg2 Qe2+ 67. Qf2 Qxc4 68. g4 Qe4+ 69. Qf3 Qc2+ 70. Kh3 Qc1 71. g5 hxg5 72. fxg5 Qxg5 73. Qf7+ Kd6 74. Qg6 Qe3+ 75. Qg3+ Qxg3+ 76. Kxg3 Ke7 77. Kf4 Kf6 78. h6 Kg6 79. Ke5 Kxh6 80. Kxe6 1/2-1/2


[Site "https://www.chess.com"]

[Event "Titled Tuesday Blitz July 13 2021"]
[White "Sarkar, Justin"]
[Black "Mezentsev, Ivan"]
[WhiteFideId "2010011"]
[BlackFideId "13706195"]
[WhiteElo "2072"]
[BlackElo "2295"]
[Result "0-1"]
[Round "03"]
[TimeControl "180+1"]
[Date "2021.07.13"]
[WhiteClock "0:00:01"]
[BlackClock "0:01:44"]

1. e4 d5 2. exd5 Nf6 3. Bb5+ Bd7 4. Bc4 Bf5 5. Nc3 Nbd7 6. d4 Nb6 7. Bb3 Nbxd5 8. Nxd5 Nxd5 9. Qf3 e6 10. Ne2 c6 11. O-O Bd6 12. c4 Nf6 13. h3 O-O 14. Bf4 Bxf4 15. Qxf4 Qa5 16. Rfd1 Rfd8 17. Nc3 Bg6 18. Qe5 Qxe5 19. dxe5 Nd7 20. f4 Nc5 21. g3 h5 0-1


[Site "https://www.chess.com"]

[Event "Titled Tuesday Blitz July 13 2021"]
[White "Sellitti, Federico"]
[Black "Pajeken, Jakob Leon"]
[WhiteFideId "821829"]
[BlackFideId "12942839"]
[WhiteElo "2605"]
[BlackElo "2231"]
[Result "0-1"]
[Round "03"]
[TimeControl "180+1"]
[Date "2021.07.13"]
[WhiteClock "0:00:04"]
[BlackClock "0:00:29"]

1. e4 e5 2. Nc3 Nf6 3. f4 d5 4. fxe5 Nxe4 5. Qf3 f5 6. d3 Nxc3 7. bxc3 d4 8. Qg3 g6 9. Nf3 Nc6 10. Bg5 Be7 11. Bxe7 Qxe7 12. Be2 dxc3 13. O-O Be6 14. d4 O-O-O 15. Rfd1 Bd5 16. Ne1 h5 17. Qxc3 h4 18. Bf3 h3 19. g3 g5 20. Rab1 g4 21. Bxd5 Rxd5 22. Qb3 Rhd8 23. Qxb7+ Kd7 24. c4 Ra5 25. Nd3 Nxd4 26. Nf4 Qxe5 27. Qb2 c5 28. Re1 Nf3+ 29. Kf2 Qxb2+ 30. Rxb2 Nxe1 31. Kxe1 Re8+ 32. Kf2 Ra3 33. Rd2+ Kc8 34. Rd1 Rxa2+ 35. Kg1 Rd8 36. Re1 Rdd2 37. Rf1 Rxh2 38. Rb1 Rhb2 39. Re1 a5 40. Kh1 a4 41. Ng2 a3 42. Nh4 Rh2+ 43. Kg1 Rhf2 44. Kh1 Rad2 45. Re8+ Kd7 46. Re1 a2 47. Nf3 gxf3 48. g4 Rh2+ 49. Kg1 Rdg2+ 50. Kf1 Rh1# 0-1


[Site "https://www.chess.com"]

[Event "Titled Tuesday Blitz July 13 2021"]
[White "Shahade, Gregory"]
[Black "Tokman, Ariel"]
[WhiteFideId "2009064"]
[BlackFideId "117420"]
[WhiteElo "2716"]
[BlackElo "2345"]
[Result "1-0"]
[Round "03"]
[TimeControl "180+1"]
[Date "2021.07.13"]
[WhiteClock "0:01:37"]
[BlackClock "0:02:01"]

1. e4 e5 2. Nf3 Nc6 3. Bb5 a6 4. Ba4 Nf6 5. O-O b5 6. Bb3 Bc5 7. a4 Rb8 8. c3 O-O 9. d4 Bb6 10. dxe5 Nxe4 11. Bc2 Nc5 12. a5 Ba7 13. Bxh7+ Kxh7 14. Ng5+ Kg6 15. Qg4 d5 16. Ne6+ Kh7 17. Qxg7# 1-0


[Site "https://www.chess.com"]

[Event "Titled Tuesday Blitz July 13 2021"]
[White "Sharapov, Evgeny"]
[Black "Mirzoev, Azer"]
[WhiteFideId "14103133"]
[BlackFideId "13400304"]
[WhiteElo "2367"]
[BlackElo "2525"]
[Result "0-1"]
[Round "03"]
[TimeControl "180+1"]
[Date "2021.07.13"]
[WhiteClock "0:00:55"]
[BlackClock "0:00:49"]

1. c4 e6 2. Nc3 d5 3. cxd5 exd5 4. d4 c6 5. Nf3 Bf5 6. Bg5 Qb6 7. Qd2 Nd7 8. e3 h6 9. Bh4 Ngf6 10. a3 Be7 11. Be2 Ne4 12. Nxe4 dxe4 13. Bxe7 exf3 14. Bc5 Nxc5 15. dxc5 fxg2 16. Rg1 Qxc5 17. Rc1 Qe5 18. f4 Qf6 19. Rxg2 O-O 20. Bc4 Rad8 21. Qf2 Rfe8 22. Rg3 b5 23. Ba2 a5 24. Kf1 Be4 25. Kg1 Rd7 26. Bb1 Bxb1 27. Rxb1 Red8 28. e4 Rd2 29. e5 Qf5 30. Qf1 R8d4 31. Rc1 Rxf4 32. Qe1 Rfd4 33. e6 fxe6 0-1


[Site "https://www.chess.com"]

[Event "Titled Tuesday Blitz July 13 2021"]
[White "Shkapenko, Pavel"]
[Black "Pacheco Lugo, Alejandro Jose"]
[WhiteFideId "4151933"]
[BlackFideId "3903745"]
[WhiteElo "2386"]
[BlackElo "2125"]
[Result "1-0"]
[Round "03"]
[TimeControl "180+1"]
[Date "2021.07.13"]
[WhiteClock "0:00:09"]
[BlackClock "0:00:01"]

1. e4 c5 2. c3 Nf6 3. e5 Nd5 4. d4 cxd4 5. cxd4 d6 6. Nf3 Nc6 7. Bc4 Nb6 8. Bb3 Na5 9. Bc2 Bg4 10. h3 Bh5 11. e6 fxe6 12. g4 Bf7 13. Ng5 Bg8 14. Nc3 g6 15. Qe2 Qd7 16. Be3 Bg7 17. O-O-O Rc8 18. Kb1 Nac4 19. Bc1 Na3+ 20. bxa3 Rxc3 21. Bb3 Nd5 22. Bb2 Rc8 23. Rhe1 h6 24. Nxe6 Bxe6 25. Qxe6 Qxe6 26. Rxe6 Nf4 27. Re3 Kd8 28. a4 Rf8 29. a5 Rc7 30. Rf3 g5 31. Rd2 Kc8 32. Re3 Kb8 33. Bc2 Nd5 34. Rb3 Rf4 35. f3 e6 36. Re2 Re7 37. Be4 Nf6 38. a6 Nxe4 39. Rxe4 Rxe4 40. fxe4 b6 41. Rf3 Kc7 42. Kc2 Kc6 43. Kd3 Kb5 44. Rf1 Kxa6 45. Rc1 Kb5 46. Ba3 Rd7 47. d5 exd5 48. exd5 Be5 49. Rc8 a5 50. Re8 Rf7 51. Re6 Rf3+ 52. Ke4 Rxa3 53. Rxh6 Rxa2 54. Kf5 Bf4 55. h4 Rf2 56. hxg5 Bd2+ 57. Kg6 Rg2 58. Kf5 Rf2+ 59. Kg6 Re2 60. Rh7 Re5 61. Rh5 Rxd5 62. Kf6 a4 63. g6 Bc3+ 64. Kf7 Kc6 65. Rh3 a3 66. Rxc3+ Kb5 67. Rxa3 1-0


[Site "https://www.chess.com"]

[Event "Titled Tuesday Blitz July 13 2021"]
[White "Shuvalov, Evgenij"]
[Black "Blohberger, Felix"]
[WhiteFideId "4187237"]
[BlackFideId "1632051"]
[WhiteElo "2163"]
[BlackElo "2462"]
[Result "1-0"]
[Round "03"]
[TimeControl "180+1"]
[Date "2021.07.13"]
[WhiteClock "0:00:48"]
[BlackClock "0:00:11"]

1. Nf3 e6 2. c4 f5 3. d4 Nf6 4. Nc3 Bb4 5. Qc2 O-O 6. Bg5 h6 7. Bxf6 Qxf6 8. e3 b6 9. Be2 Bb7 10. O-O d6 11. Nb5 Rc8 12. a3 c6 13. Nxa7 Rxa7 14. axb4 Rxa1 15. Rxa1 c5 16. dxc5 dxc5 17. b5 Nd7 18. Ra7 Bxf3 19. Bxf3 Ne5 20. Be2 Rd8 21. Rb7 Rd6 22. f4 Nd7 23. Bf3 Qd8 24. Ra7 Kh7 25. g4 Qh4 26. Qf2 Qxf2+ 27. Kxf2 Nf6 28. gxf5 exf5 29. Rb7 h5 30. h3 h4 31. Ke2 Kh6 32. Bc6 Ne4 33. Bxe4 fxe4 34. Rc7 Kg6 35. Rc6 Rxc6 36. bxc6 Kf6 1-0


[Site "https://www.chess.com"]

[Event "Titled Tuesday Blitz July 13 2021"]
[White "Sjugirov, Sanan"]
[Black "Spyropoulos, Nikolaos"]
[WhiteFideId "4189302"]
[BlackFideId "4298977"]
[WhiteElo "2472"]
[BlackElo "2159"]
[Result "1-0"]
[Round "03"]
[TimeControl "180+1"]
[Date "2021.07.13"]
[WhiteClock "0:02:18"]
[BlackClock "0:02:01"]

1. e4 e6 2. d4 d5 3. e5 c5 4. c3 Nc6 5. Nf3 Bd7 6. Be2 Nge7 7. O-O Ng6 8. g3 Be7 9. h4 O-O 10. h5 Nh8 11. h6 g6 12. dxc5 Bxc5 13. Bg5 Be7 14. Bxe7 Qxe7 15. c4 d4 16. Nbd2 f6 17. exf6 Qxf6 18. Ne4 Qf5 19. Nfg5 Nf7 20. Bg4 Qe5 21. f4 1-0


[Site "https://www.chess.com"]

[Event "Titled Tuesday Blitz July 13 2021"]
[White "Slovak_fighter2000"]
[Black "Arabidze, Meri"]
[BlackFideId "13604040"]
[WhiteElo "2504"]
[BlackElo "2432"]
[Result "0-1"]
[Round "03"]
[TimeControl "180+1"]
[Date "2021.07.13"]
[WhiteClock "0:00:17"]
[BlackClock "0:00:58"]

1. d4 d5 2. Nf3 Nf6 3. c4 e6 4. Nc3 Nbd7 5. Bg5 Be7 6. e3 h6 7. Bh4 O-O 8. Qc2 c5 9. cxd5 Nxd5 10. Bxe7 Qxe7 11. Be2 b6 12. O-O Bb7 13. Rfd1 Rac8 14. Qb3 Nxc3 15. Qxc3 Nf6 16. Rac1 c4 17. a4 a6 18. Ne5 b5 19. axb5 axb5 20. Qa5 Rb8 21. Qxb5 Bxg2 22. Qxc4 Bd5 23. Qc7 Qxc7 24. Rxc7 Rxb2 25. Bd3 Ne4 26. Rc2 Rxc2 27. Bxc2 Rc8 28. Bxe4 Bxe4 29. f3 Bb7 30. Rd2 f6 31. Nd3 Bxf3 32. Nc5 Kf7 33. Rb2 g5 34. Rb6 Re8 35. Kf2 g4 36. Ra6 h5 37. Ra7+ Kg6 38. Ra6 Kf5 39. Ra5 e5 40. dxe5 Rxe5 41. Nb3 Rxa5 42. Nxa5 Bd5 43. Kg3 Kg5 44. h4+ Kf5 45. Kf2 Ke4 46. Ke2 g3 47. Kf1 Kxe3 48. Kg1 Kf3 49. Kf1 Kg4 0-1


[Site "https://www.chess.com"]

[Event "Titled Tuesday Blitz July 13 2021"]
[White "Sonis, Francesco"]
[Black "Keso, Elias"]
[WhiteFideId "895733"]
[BlackFideId "514942"]
[WhiteElo "2373"]
[BlackElo "1969"]
[Result "1-0"]
[Round "03"]
[TimeControl "180+1"]
[Date "2021.07.13"]
[WhiteClock "0:01:46"]
[BlackClock "0:00:23"]

1. c4 g6 2. h4 Nf6 3. Nc3 c5 4. d3 h5 5. g3 d5 6. Bg2 d4 7. Na4 e5 8. Bg5 Nbd7 9. a3 Qc7 10. Nf3 Rb8 11. O-O a6 12. b4 cxb4 13. axb4 Bxb4 14. c5 Ng4 15. Rc1 Bxc5 16. Nxc5 Nxc5 17. e3 dxe3 18. d4 exf2+ 19. Kh1 exd4 20. Qxd4 O-O 21. Rxc5 Qd7 22. Rd5 Qc6 23. Ne5 Nxe5 24. Rxe5 Qc2 25. Bh6 Bg4 26. Rc5 1-0


[Site "https://www.chess.com"]

[Event "Titled Tuesday Blitz July 13 2021"]
[White "Stribuk, Artiom"]
[Black "Dan-Lowes"]
[WhiteFideId "13515659"]
[WhiteElo "2224"]
[BlackElo "2281"]
[Result "1-0"]
[Round "03"]
[TimeControl "180+1"]
[Date "2021.07.13"]
[WhiteClock "0:00:21"]
[BlackClock "0:00:03"]

1. d4 Nf6 2. c4 g6 3. Nf3 Bg7 4. g3 c6 5. Bg2 d5 6. cxd5 cxd5 7. O-O O-O 8. Ne5 Ne4 9. Bf4 Nc6 10. Nxc6 bxc6 11. Nd2 Nxd2 12. Qxd2 Qb6 13. Rfd1 Ba6 14. Rac1 Rac8 15. b3 e6 16. Bd6 Rfe8 17. Bc5 Qb5 18. e3 Qb7 19. Qb4 Qd7 20. Qa5 Be2 21. Re1 Bd3 22. Rc3 Bf5 23. Rec1 e5 24. Qxa7 Qxa7 25. Bxa7 exd4 26. Bxd4 Bxd4 27. exd4 Re2 28. Bxd5 Ra8 29. Rxc6 Raxa2 30. Rf6 Rxf2 31. Rxf7 Rg2+ 32. Bxg2 Kxf7 33. Bd5+ Ke7 34. h4 Rd2 35. Bg8 h5 36. Re1+ Kf8 37. Bc4 Rxd4 38. Kf2 Rd2+ 39. Re2 Rd1 40. Rb2 Ke7 41. b4 Rd6 42. b5 Rb6 43. Ke3 Kf6 44. Kd4 g5 45. Kc5 Rb8 46. b6 gxh4 47. gxh4 Be4 48. Bd5 Bxd5 49. Kxd5 Kf5 50. Rb4 Rxb6 1-0


[Site "https://www.chess.com"]

[Event "Titled Tuesday Blitz July 13 2021"]
[White "Svane, Frederik"]
[Black "Miszler, Levente"]
[WhiteFideId "12923044"]
[BlackFideId "763276"]
[WhiteElo "2459"]
[BlackElo "1967"]
[Result "1-0"]
[Round "03"]
[TimeControl "180+1"]
[Date "2021.07.13"]
[WhiteClock "0:00:15"]
[BlackClock "0:00:17"]

1. e4 e6 2. d4 d5 3. Nd2 Nf6 4. e5 Nfd7 5. f4 c5 6. c3 Nc6 7. Ndf3 cxd4 8. cxd4 Be7 9. Bd3 Qb6 10. Ne2 f6 11. a3 O-O 12. b4 a6 13. Qc2 f5 14. Be3 Rd8 15. O-O Nf8 16. Nc3 Bd7 17. Na4 Qa7 18. Rfc1 Rac8 19. Qd1 Rc7 20. Rc3 Rdc8 21. Rac1 Bd8 22. Nc5 Ne7 23. Qd2 b6 24. Nxa6 Rxc3 25. Rxc3 Rxc3 26. Qxc3 Nc6 27. Nd2 Be7 28. Nb3 Qb7 29. a4 g5 30. fxg5 Ng6 31. b5 Nd8 32. Qc7 f4 33. Bd2 Qxc7 34. Nxc7 Bxg5 35. a5 bxa5 36. Nxa5 Ne7 37. b6 Bc8 38. Ba6 Bxa6 39. Nxa6 Nec6 40. Nxc6 Nxc6 41. b7 1-0


[Site "https://www.chess.com"]

[Event "Titled Tuesday Blitz July 13 2021"]
[White "Taichman, Ori"]
[Black "Gledura, Benjamin"]
[WhiteFideId "2804069"]
[BlackFideId "712779"]
[WhiteElo "2227"]
[BlackElo "2326"]
[Result "0-1"]
[Round "03"]
[TimeControl "180+1"]
[Date "2021.07.13"]
[WhiteClock "0:00:07"]
[BlackClock "0:00:29"]

1. e4 Nf6 2. e5 Nd5 3. d4 d6 4. c4 Nb6 5. exd6 cxd6 6. Nc3 g6 7. Be3 Bg7 8. b3 O-O 9. Rc1 Re8 10. Nf3 Bg4 11. h3 Bxf3 12. Qxf3 Nc6 13. d5 Nd4 14. Qd1 Nf5 15. Bg5 h6 16. Bf4 e5 17. Bh2 e4 18. Be2 e3 19. Bf4 exf2+ 20. Kxf2 Bd4+ 21. Kf3 Qf6 22. Ne4 Rxe4 23. Kxe4 Re8+ 24. Kd3 Bb2 25. Rf1 Bxc1 26. Bxc1 Qa1 27. Rxf5 gxf5 28. Bxh6 Qe5 29. Bf3 f4 30. Qd2 Qf5+ 31. Kc3 Re3+ 32. Kb4 Qe5 33. Qf2 a6 34. Qh4 Qc3+ 35. Ka3 Nxc4+ 36. Ka4 b5# 0-1


[Site "https://www.chess.com"]

[Event "Titled Tuesday Blitz July 13 2021"]
[White "Tejedor Fuente, Enrique"]
[Black "Cunjalo, Faris"]
[WhiteFideId "2299100"]
[BlackFideId "14410710"]
[WhiteElo "2535"]
[BlackElo "2234"]
[Result "0-1"]
[Round "03"]
[TimeControl "180+1"]
[Date "2021.07.13"]
[WhiteClock "0:00:01"]
[BlackClock "0:00:42"]

1. e4 c6 2. Nc3 d5 3. Nf3 Bg4 4. h3 Bxf3 5. Qxf3 e6 6. d4 Nf6 7. Bd3 dxe4 8. Nxe4 Qxd4 9. Nxf6+ Qxf6 10. Qg3 Nd7 11. O-O Be7 12. Qc7 Nc5 13. Be3 Bd8 14. Qd6 Nxd3 15. Qxd3 O-O 16. Bd4 Qg6 17. Qb3 b6 18. Rad1 Bf6 19. Bxf6 Qxf6 20. Rd6 Rac8 21. Rfd1 Rc7 22. c3 g6 23. Qa4 Rfc8 24. Rd7 Kg7 25. Qb4 c5 26. Qe4 Qf5 27. Qe2 h6 28. a3 g5 29. R1d2 Qf6 30. Qe4 Rxd7 31. Rxd7 Rd8 32. Qd3 Rxd7 33. Qxd7 Qf4 34. Qd1 c4 35. g3 Qe4 36. Qd2 b5 37. Kh2 Kg6 38. Kg1 h5 39. Kh2 h4 40. gxh4 Qxh4 41. Qd4 Qxd4 42. cxd4 a5 43. Kg3 b4 44. axb4 axb4 45. Kf3 c3 46. bxc3 b3 0-1


[Site "https://www.chess.com"]

[Event "Titled Tuesday Blitz July 13 2021"]
[White "Timofeev, Artyom"]
[Black "Silva, Kaua Marques"]
[WhiteFideId "4140419"]
[BlackFideId "22701168"]
[WhiteElo "2582"]
[BlackElo "2013"]
[Result "1-0"]
[Round "03"]
[TimeControl "180+1"]
[Date "2021.07.13"]
[WhiteClock "0:00:07"]
[BlackClock "0:00:01"]

1. c4 e5 2. e3 Nf6 3. Nc3 d5 4. cxd5 Nxd5 5. Nf3 Nc6 6. Bb5 Nxc3 7. bxc3 Bd6 8. d4 exd4 9. cxd4 O-O 10. O-O Bd7 11. e4 a6 12. Be2 Re8 13. e5 Bf8 14. Ng5 h6 15. Nf3 Bg4 16. Be3 Ne7 17. h3 Be6 18. a4 Nd5 19. Qc2 Qd7 20. a5 Bf5 21. Qb3 Rab8 22. Bd2 c6 23. Rfe1 Be7 24. Bc4 Bd8 25. Nh2 Re6 26. Nf1 Rg6 27. Ng3 Bh4 28. Kh2 Bxg3+ 29. fxg3 Re6 30. Rf1 Bg6 31. Rac1 Ree8 32. Bb4 b5 33. Bxd5 cxd5 34. Bd6 Rbc8 35. Qxd5 Bd3 36. Rfe1 Bc4 37. Qf3 Rcd8 38. d5 Qb7 39. Red1 Qd7 40. g4 Qb7 41. Kh1 f6 42. Re1 fxe5 43. Bxe5 Bxd5 44. Qg3 Re7 45. Bb2 Rde8 46. Rxe7 Rxe7 47. Rc2 Kh7 48. Kh2 Be4 49. Re2 Rf7 50. Qe5 Bg6 51. h4 h5 52. gxh5 Bd3 53. Re3 Bc4 54. Rg3 Bf1 55. h6 Kxh6 56. Qg5+ Kh7 57. Qg6+ Kg8 58. h5 Qe7 59. Qg4 1-0


[Site "https://www.chess.com"]

[Event "Titled Tuesday Blitz July 13 2021"]
[White "Tomb, Maroun"]
[Black "Erdogdu, Mert"]
[WhiteFideId "5300398"]
[BlackFideId "6301495"]
[WhiteElo "2523"]
[BlackElo "2485"]
[Result "0-1"]
[Round "03"]
[TimeControl "180+1"]
[Date "2021.07.13"]
[WhiteClock "0:00:02"]
[BlackClock "0:01:06"]

1. e4 c5 2. Ne2 Nf6 3. Nbc3 d6 4. g3 Nc6 5. Bg2 g6 6. d4 cxd4 7. Nxd4 Bd7 8. O-O Bg7 9. Nde2 O-O 10. a4 a6 11. h3 Rb8 12. Nd5 b5 13. axb5 axb5 14. c3 b4 15. Bg5 bxc3 16. Bxf6 exf6 17. bxc3 f5 18. exf5 Bxf5 19. Nd4 Nxd4 20. cxd4 Re8 21. Qd2 Be4 22. Ne3 d5 23. Ra5 Bxd4 24. Nxd5 Bg7 25. Rd1 Rb2 26. Qxb2 Bxb2 27. Ra2 Bxg2 0-1


[Site "https://www.chess.com"]